 Dungeon Crawl Stone Soup version 0.30-a0-585-g93115170b9 (webtiles) character file.

Game seed: 4067769269678312024

9282 spardeous the Nimble (level 11, -30/51 HPs)
             Began as a Felid Earth Elementalist on Jan 2, 2023.
             Was an Initiate of Gozag.
             Annihilated by Rupert
             ... wielding a +1 great mace of protection
              (44 damage)
             ... on level 3 of the Lair of Beasts.
             The game lasted 00:51:41 (21158 turns).

spardeous the Nimble (Felid Earth Elementalist)    Turns: 21158, Time: 00:51:42

Health: -30/51     AC:  3    Str:  4    XL:     11   Next: 21%
Magic:  0/19       EV: 30    Int: 21    God:    Gozag
Gold:   2428       SH:  5    Dex: 17    Spells: 12/20 levels left
                                        Lives:  0   Deaths: 2

rFire   . . .      SeeInvis +      - Unarmed
rCold   + . .      Faith    .    (shield unavailable)
rNeg    + . .      Spirit   .    (body armour unavailable)
rPois   .          Reflect  +    (helmet unavailable)
rElec   .          Harm     .    (cloak unavailable)
rCorr   +          Rampage  .    (gloves unavailable)
Will    +....                    (boots unavailable)
Stlth   ++                       h - amulet of reflection
HPRegen 0.28/turn                k - ring of Fragile Peace {rN+ rCorr}
MPRegen 0.16/turn                v - +5 ring of evasion

@: brilliant, quick
A: very small, claws 1, fangs 3, see invisible, speed 1, shaggy fur 3, stealthy
paws, no weapons or thrown items, no armour, multi-lived
a: Renounce Religion, Potion Petition, Call Merchant, Bribe Branch


You were on level 3 of the Lair of Beasts.
You worshipped Gozag.
Gozag was most pleased with you.
You visited 3 branches of the dungeon, and saw 15 of its levels.
You also visited: Sewer.

You collected 2561 gold pieces.
You paid 133 gold pieces to Gozag.

Inventory:

Armour
 n - an orb of light
Jewellery
 h - an amulet of reflection (around neck)
 k - the ring of Fragile Peace (left paw) {rN+ rCorr}
   (You found it on level 3 of the Dungeon)

   [ring of resist corrosion]

   rN:        It protects you from negative energy.
   rCorr:     It protects you from acid and corrosion.
 v - a +5 ring of evasion (right paw)
 A - a +6 ring of dexterity
 G - a ring of wizardry
 H - a ring of protection from fire
 L - a ring of wizardry
Wands
 f - a wand of flame (41)
 B - a wand of iceblast (24)
 C - a wand of charming (12)
 F - a wand of polymorph (7)
 J - a wand of light (3)
 K - a wand of mindburst (7)
Scrolls
 b - a scroll of silence {unknown}
 d - 3 scrolls of enchant weapon {unknown}
 i - a scroll of blinking {unknown}
 j - 8 scrolls of teleportation {unknown}
 q - 2 scrolls of fog {unknown}
 w - 2 scrolls of immolation {unknown}
 x - 4 scrolls of fear {unknown}
 y - 2 scrolls of vulnerability {unknown}
 z - 2 scrolls of amnesia {unknown}
 D - a scroll of magic mapping {unknown}
 I - a scroll of butterflies {unknown}
 M - a scroll of identify
Potions
 c - 6 potions of curing
 e - a potion of experience {unknown}
 g - 3 potions of invisibility {unknown}
 l - 2 potions of lignification
 m - 3 potions of mutation
 o - a potion of berserk rage
 p - 4 potions of heal wounds
 r - 2 potions of resistance
 s - a potion of might
 t - a potion of brilliance
 u - 3 potions of cancellation {unknown}


   Skills:
 - Level 7.7 Fighting
 + Level 12.0 Dodging
 - Level 2.6 Stealth
 - Level 4.7 Unarmed Combat
 - Level 5.0 Spellcasting
 - Level 10.0 Conjurations
 - Level 10.3 Transmutations
 - Level 10.0 Earth Magic


You had 12 spell levels left.
You knew the following spells:

 Your Spells              Type           Power      Damage    Failure   Level
a - Sandblast             Erth           100%       2d20      1%          1
b - Stone Arrow           Conj/Erth      100%       3d13      1%          3
c - Petrify               Tmut/Erth      64%        N/A       1%          4

Your spell library contained the following spells:

 Spells                   Type           Power      Damage    Failure   Level
 Passwall                 Tmut/Erth      53%        N/A       1%          2
 Static Discharge         Conj/Air       78%        2-6/arc   1%          2
 Hailstorm                Conj/Ice       39%        3d9       4%          3
 Irradiate                Conj/Tmut      32%        3d22      4%          5
 Freeze                   Ice            28%        1d5       11%         1
 Flame Wave               Conj/Fire      39%        2d11      14%         4
 Sticky Flame             Conj/Fire      39%        2d6       14%         4
 Sublimation of Blood     Necr           7%         N/A       16%         2
 Frozen Ramparts          Ice            14%        1d3       32%         3
 Inner Flame              Hex/Fire       7%         N/A       32%         3
 Ozocubu's Armour         Ice            7%         N/A       32%         3
 Lightning Bolt           Conj/Air       19%        1d34      36%         5
 Airstrike                Air            3%         2d(1-17)  71%         4
 Manifold Assault         Tloc           7%         N/A       71%         4
 Summon Lightning Spire   Summ/Air       7%         N/A       71%         4
 Dispersal                Tloc           3%         N/A       100%        6
 Disjunction              Tloc           3%         N/A       100%        8
 Lehudib's Crystal Spear  Conj/Erth      31%        10d8      100%        8
 Animate Armour           Summ/Erth      Unusable   N/A       N/A         4

Dungeon Overview and Level Annotations

Branches:
Dungeon (11/15)            Temple (1/1) D:4            Lair (3/5) D:9
  Swamp (0/4) Lair:3        Snake (0/4) Lair:3        Sewer (visited)
    Orc: D:9-12

Altars:
Ashenzari
Cheibriados
Dithmenos
Elyvilon
Fedhas
Gozag
Hepliaklqana
Kikubaaqudgha
Makhleb
Nemelex Xobeh
Okawaru
Qazlal
Ru
Sif Muna
Trog
Uskayaw
Vehumet
Wu Jian
Xom
Yredelemnul
Zin
The Shining One

Annotations:
D:8 Erica
D:11 Fannar, Snorg
Lair:3 Rupert


Innate Abilities, Weirdness & Mutations

You have sharp claws.
You have razor-sharp teeth.
You have supernaturally acute eyesight. (SInv)
You cover ground quickly. (Speed+)
Your thick and shaggy fur keeps you warm. (AC +3, rC+)
Your paws help you pounce on unaware monsters.
You are incapable of wielding weapons or throwing items.
You cannot wear armour.
You gain extra lives every three experience levels.


Message History

Aim: Rupert, wielding a +1 great mace of protection and wearing a +0 ring mail (severely wounded, slow, 87% to hit)
The blast of sand hits Rupert!
Rupert is severely wounded.
Rupert hits you with a +1 great mace of protection!
Rupert looks more energetic.
Rupert roars madly and goes into a rage!
Rupert goes berserk!
Okay, then.
Okay, then.
Okay, then.
Okay, then.
Rupert rages.
You feel clever all of a sudden. Rupert attacks as you move away!
Rupert misses you. Rupert barely misses you. Rupert attacks as you move away!
Rupert completely misses you.
Rupert rages.
Casting: Sandblast (safe; 1% risk of failure)
Confirm with . or Enter, or press ? or * to list all spells.
Aiming: Stone Arrow (safe; 1% risk of failure)
Press: ? - help, Shift-Dir - straight line, f/p - Rupert
Aim: Rupert, wielding a +1 great mace of protection and wearing a +0 ring mail (severely wounded, berserk, 81% to hit)
You feel a surge of power!
The stone arrow hits Rupert!
Rupert is severely wounded.
Rupert misses you. Rupert completely misses you.
Rupert attacks as you move away!
Rupert hits you with a +1 great mace of protection!!
Ouch! That really hurt!
* * * LOW HITPOINT WARNING * * *
Casting: Stone Arrow (safe; 1% risk of failure)
Confirm with . or Enter, or press ? or * to list all spells.
Aiming: Sandblast (safe; 1% risk of failure)
Press: ? - help, Shift-Dir - straight line, f/p - Rupert
Aim: Rupert, wielding a +1 great mace of protection and wearing a +0 ring mail (severely wounded, berserk, 87% to hit)
You feel a surge of power!
The blast of sand hits Rupert!
Rupert is severely wounded.
Rupert hits you with a +1 great mace of protection!!!
Ouch! That really hurt!
You die...
Your body crumbles into a pile of gold.

..#.######.......# #.## #...
.......#........## ##..# ##...
..P....#.....P..# #..## #....
..#....+.....#..# ##.#######....
..#..........#..# #.#...##.....
................# ##............
.......#.....#..####.......<.....
................@.##.............
.......P.#.P....@###..........###
.............................##
..........###.#####.#....P'..#
.######....#### ###...#..#.# .#
#....## ##........# .# ##...#
#....#....## .# #....#
##......#..## ..# #....#
#..[.....#.## ..# ##...#
##......#..^..


You could see Rupert (berserk).

Vanquished Creatures
  Gastronok (D:11)
  Nessos (Lair:3)
  Josephine (Lair:3)
  Harold (Lair:1)
  A hydra (Lair:3)
  2 catoblepae
  2 two-headed ogres
  Sonja (Lair:1)
  2 bog bodies (Lair:3)
  A cyclops (D:11)
  A manticore (D:11)
  A salamander (Lair:3)
  Joseph (D:8)
  Maurice (D:8)
  3 black mambas (Lair:1)
  A gargoyle (D:11)
  Maggie (D:7)
  5 cane toads
  A torpor snail (Lair:3)
  2 rime drakes
  3 komodo dragons
  A kobold demonologist (D:10)
  4 trolls
  3 polar bears
  Prince Ribbit (D:7)
  8 blink frogs
  Sigmund (D:3)
  2 wyverns
  3 wraiths (Lair:3)
  17 yaks
  A basilisk (Lair:1)
  Grum (D:9)
  A steam dragon (Lair:3)
  4 vampire mosquitoes (D:9)
  2 swamp worms (Lair:3)
  2 wargs (D:9)
  An acid dragon (D:11)
  6 water moccasins
  4 orc warriors
  A black bear (D:7)
  6 wolves
  2 ogres
  6 centaurs (D:11)
  5 kobold brigands
  4 bullfrogs
  3 scorpions
  3 gnoll sergeants
  9 wights
  4 killer bees (D:11)
  An electric eel (Lair:3)
  2 vampire bats (D:4)
  4 howler monkeys
  3 lava snakes (Lair:3)
  2 hounds (D:5)
  4 jellies
  3 orc priests (D:9)
  6 iguanas
  5 orc wizards
  11 hell rats (Lair:3)
  10 adders
  10 gnolls
  14 river rats
  A shadow imp (D:7)
  2 white imps
  5 worms
  3 dart slugs
  27 orcs
  13 ball pythons
  11 bats
  15 endoplasms
  7 giant cockroaches
  3 goblins
  13 hobgoblins
  9 quokkas
  6 frilled lizards
  21 kobolds
  13 rats
362 creatures vanquished.

Vanquished Creatures (others)
  6 fungi
  9 plants
15 creatures vanquished.

Grand Total: 377 creatures vanquished

Notes
Turn   | Place    | Note
-------+----------+-------------------------------------------
     0 | D:1      | spardeous the Felid Earth Elementalist began the quest for
                  | the Orb.
     0 | D:1      | Reached XP level 1. HP: 7/7 MP: 4/4
   106 | D:1      | Found a faded altar of an unknown god.
   212 | D:1      | Reached XP level 2. HP: 11/11 MP: 3/6
   899 | D:1      | Reached XP level 3. HP: 14/14 MP: 4/8
  1701 | D:2      | Learned a level 3 spell: Stone Arrow
  1788 | D:3      | Noticed a shadow
  1791 | D:3      | Found a shadowy altar of Dithmenos.
  1792 | D:3      | Found a hazy altar of Hepliaklqana.
  1846 | D:3      | Reached XP level 4. HP: 18/18 MP: 5/10
  1922 | D:3      | Identified the ring of Fragile Peace {rN+ rCorr}
  2011 | D:3      | Found a large runed translucent door.
  2012 | D:3      | Found a large runed translucent door.
  2111 | D:3      | Found a shimmering altar of Xom.
  2231 | D:3      | Found a broken altar of Ashenzari.
  2259 | D:3      | Noticed Sigmund
  2477 | D:3      | Killed Sigmund
  2478 | D:3      | Reached XP level 5. HP: 13/21 MP: 5/12
  2478 | D:3      | Gained mutation: You are covered in thick fur. (AC +2)
                  | [Felid growth]
  2478 | D:3      | Reached XP level 6. HP: 15/24 MP: 5/13
  2613 | D:3      | Found a glowing golden altar of the Shining One.
  2619 | D:3      | Found a stormy altar of Qazlal.
  2718 | D:4      | Reached skill level 5 in Earth Magic
  2914 | D:4      | Reached skill level 1 in Fighting
  3173 | D:4      | Found a staircase to the Ecumenical Temple.
  3180 | Temple   | Entered the Ecumenical Temple
  3694 | D:4      | Found a sacrificial altar of Ru.
  3742 | D:5      | Entered Level 5 of the Dungeon
  3773 | D:5      | Reached XP level 7. HP: 29/31 MP: 13/15
  4010 | D:5      | Found a glowing drain.
  4022 | Sewer    | Entered a sewer
  4088 | Sewer    | Reached skill level 3 in Dodging
  4318 | Sewer    | Found a viscous altar of Jiyva.
  4366 | Sewer    | Reached skill level 4 in Dodging
  4742 | D:5      | Reached skill level 5 in Dodging
  4944 | D:5      | Got Paroit's Tome of Vapourous Congelation
  5108 | D:5      | Reached XP level 8. HP: 36/36 MP: 13/16
  5301 | D:6      | Reached skill level 6 in Dodging
  5564 | D:6      | Reached skill level 7 in Dodging
  5564 | D:6      | Reached skill level 5 in Transmutations
  5636 | D:6      | Found an ornate altar of the Wu Jian Council.
  6000 | D:5      | Reached skill level 5 in Spellcasting
  6276 | D:7      | Reached skill level 8 in Dodging
  6276 | D:7      | Reached skill level 1 in Conjurations
  6579 | D:7      | Noticed Maggie
  6605 | D:7      | Killed Maggie
  6606 | D:7      | Reached skill level 9 in Dodging
  6606 | D:7      | Reached XP level 9. HP: 31/39 MP: 3/17
  6783 | D:7      | Found a basalt altar of Yredelemnul.
  6955 | D:7      | Found an opulent altar of Gozag.
  6979 | D:7      | Found an opulent altar of Gozag.
  6979 | D:7      | Noticed Prince Ribbit
  6983 | D:7      | Found an opulent altar of Gozag.
  6986 | D:7      | Became a worshipper of Gozag Ym Sagoz the Greedy
  6991 | D:7      | Found an opulent altar of Gozag.
  7005 | D:7      | Killed Prince Ribbit
  7324 | D:8      | Reached skill level 10 in Dodging
  7520 | D:8      | Noticed a boulder beetle
  7664 | D:8      | Noticed Erica
  7785 | D:8      | Learned a level 4 spell: Petrify
  8698 | D:9      | Reached skill level 5 in Fighting
  8935 | D:9      | Reached XP level 10. HP: 40/46 MP: 0/18
  9230 | D:9      | Found a staircase to the Lair.
 10141 | D:9      | Reached skill level 1 in Unarmed Combat
 10271 | D:9      | Found a glowing silver altar of Zin.
 10286 | D:9      | Noticed Grum
 10598 | D:9      | Killed Grum
 11002 | D:10     | Entered Level 10 of the Dungeon
 11551 | D:10     | Noticed a two-headed ogre
 11590 | D:10     | Killed a two-headed ogre
 12299 | D:11     | Noticed a two-headed ogre
 12379 | D:11     | Killed a two-headed ogre
 12691 | D:11     | Reached XP level 11. HP: 40/51 MP: 12/19
 12918 | D:11     | Noticed Snorg
 12942 | D:11     | Noticed Gastronok
 13555 | D:11     | Killed Gastronok
 13710 | D:11     | Noticed Fannar
 13911 | D:8      | Noticed Maurice
 13916 | D:8      | Killed Maurice
 14028 | D:8      | Noticed Joseph
 14036 | D:8      | Killed Joseph
 14037 | D:8      | Reached skill level 10 in Earth Magic
 14602 | D:11     | Reached skill level 5 in Conjurations
 15131 | Lair:1   | Entered Level 1 of the Lair of Beasts
 15131 | Lair:1   | Noticed Harold
 15140 | Lair:1   | Killed Harold
 15422 | Lair:1   | Noticed Sonja
 15429 | Lair:1   | Killed Sonja
 15788 | Lair:1   | Gained mutation: Your thick and shaggy fur keeps you warm.
                  | (AC +3, rC+) [Felid growth]
 15788 | Lair:1   | Reached XP level 12. HP: 53/55 MP: 10/20
 16975 | Lair:2   | Noticed a catoblepas
 17352 | Lair:2   | Reached skill level 10 in Conjurations
 17919 | Lair:2   | Killed a catoblepas
 19171 | Lair:3   | Found a staircase to the Swamp.
 19486 | Lair:3   | Noticed Nessos
 19488 | Lair:3   | Noticed a seven-headed hydra
 19491 | Lair:3   | Shot with an arrow by Nessos
 19492 | Lair:3   | Reached XP level 11. HP: -5/51 MP: 12/19
 19583 | Lair:3   | Found a staircase to the Snake Pit.
 19974 | Lair:3   | Noticed a catoblepas
 20209 | Lair:3   | Killed a catoblepas
 20210 | Lair:3   | Reached skill level 10 in Transmutations
 20352 | Lair:3   | Killed a seven-headed hydra
 20398 | Lair:3   | Reached skill level 11 in Dodging
 20687 | Lair:3   | Noticed Josephine
 20703 | Lair:3   | Reached XP level 12. HP: 55/55 MP: 11/20
 20719 | Lair:3   | Shot with an arrow by Nessos
 20720 | Lair:3   | Reached XP level 11. HP: -4/51 MP: 2/19
 20765 | Lair:3   | Killed Nessos
 21039 | Lair:3   | Noticed Rupert
 21044 | Lair:3   | Killed Josephine
 21064 | Lair:3   | Reached skill level 12 in Dodging
 21075 | Lair:3   | Paralysed by Rupert for 2 turns
 21158 | Lair:3   | Annihilated by Rupert

Illustrated notes

Levels and vault maps discovered:
D:1:      minmay_arrival_semitransparent, layout_basic,
          shapermc_ecumenical_altar_notcrosses, minivault_19
D:2:      layout_loops_ring
D:3:      layout_rooms, riverfiend_overflow_shadow_ancestor,
          jmf_multi_god_temple2, mainiacjoe_overflow_swirl, uniq_sigmund
D:4:      layout_loops_ring, nicolae_ru_the_path_less_chosen,
          minmay_temple_entry_statues_pillars, serial_bayou_pond_c,
          roderic_batcave, minmay_distorted
D:5:      layout_basic, gup_sewer_entry_pipe
D:6:      layout_rooms, mainiacjoe_overflow_cross_hatched
D:7:      layout_loops_ring, nicolae_gozag_conspicuous_consumption,
          mainiacjoe_overflow_paths, kennysheep_nondescript, grunt_tough_drop,
          uniq_maggie, uniq_prince_ribbit1
D:8:      layout_basic, uniq_erica, uniq_maurice, uniq_joseph
D:9:      layout_basic, lemuel_doored_altar, erik_lair_orcish_takeover,
          uniq_grum
D:10:     layout_small_grid, minmay_fountain_box
D:11:     layout_loops_corners, evilmike_butchery, uniq_gastronok, uniq_snorg,
          uniq_fannar
Temple:   nicolae_temple_bog_church
Lair:1:   layout_roguey, uniq_harold, uniq_sonja
Lair:2:   layout_roguey, fungi_pond_lemuel
Lair:3:   lemuel_ratsnest, layout_chaotic_city,
          nicolae_swamp_entry_splash_gauntlet, nicolae_snake_entry_warm_welcome,
          uniq_nessos, uniq_rupert, uniq_josephine

Skill      XL: |  1  2  3  4  5  6  7  8  9 10 11 12 |
---------------+-------------------------------------+-----
Earth Magic    | 3 4 5 7 10 | 10.0
Spellcasting   | 3 4 5 |  5.0
Fighting       | 3 4 6 7 |  7.7
Dodging        | 5 9 10 12 | 12.0
Transmutations | 3 5 10 9 | 10.3
Conjurations   | 3 4 8 10 | 10.0
Unarmed Combat | 4 |  4.7
Stealth        | |  2.6

Action                   |  1- 3 |  4- 6 |  7- 9 | 10-12 || total
-------------------------+-------+-------+-------+-------++-------
Melee: Unarmed           |     3 |     6 |       |     8 ||    17
       Bite              |     1 |       |       |     1 ||     2
 Cast: Sandblast         |    72 |    64 |   261 |   284 ||   681
       Stone Arrow       |       |       |    29 |   266 ||   295
       Petrify           |       |       |     1 |    12 ||    13
  Use: Potion            |       |       |     1 |     5 ||     6
       Scroll            |       |       |       |     7 ||     7
 Stab: Petrified         |       |       |       |     7 ||     7
Armor: Skin              |     3 |     1 |     4 |     9 ||    17
Dodge: Dodged            |    15 |    31 |   100 |   247 ||   393
Block: Other             |       |     6 |    33 |    58 ||    97
       Reflection        |       |     1 |     2 |    10 ||    13

Table legend: (Time is in decaauts)
 A = Elapsed time spent in this place.
 B = Non-inter-level travel time spent in this place.
 C = Inter-level travel time spent in this place.
 D = Time resting spent in this place.
 E = Time spent auto-exploring this place.
 F = Levels seen in this place.
 G = Mean time per level.
                   A        B        C        D        E       F      G
               +--------+--------+--------+--------+--------+-----+--------+
         Total |  19339 |  18473 |    866 |   1834 |  12500 |  16 | 1208.7 |
       Dungeon |  13266 |  12496 |    770 |   1231 |   8228 |  11 | 1206.0 |
        Temple |    200 |    189 |     11 |      0 |    152 |   1 |  200.0 |
          Lair |   5474 |   5389 |     85 |    602 |   3824 |   3 | 1824.7 |
         Sewer |    398 |    398 |      0 |      0 |    296 |   1 |  398.0 |
               +--------+--------+--------+--------+--------+-----+--------+

Top non-repeatable levels by time:
  Lair:3: 2671 daAuts
     D:9: 2332 daAuts
    D:11: 2048 daAuts
  Lair:2: 1568 daAuts
     D:7: 1553 daAuts
  Lair:1: 1234 daAuts
     D:5: 1210 daAuts
    D:10: 1206 daAuts
     D:8: 1114 daAuts
     D:1: 869 daAuts
     D:3: 796 daAuts
     D:4: 770 daAuts
     D:2: 728 daAuts
     D:6: 635 daAuts
   Sewer: 398 daAuts
